 Dungeon Sprint DCSS version 0.17-a0-1646-geb1493d (webtiles) character file.

40801 Kidiri the Unseen (level 13, -41/60 HPs)
             Began as a Spriggan Enchanter on Aug 11, 2015.
             Was the Champion of Dithmenos.
             Killed from afar by a fire dragon (45 damage)
             ... with a blast of flame
             ... in the Dungeon (Sprint III: "The Ten Rune Challenge").
             The game lasted 00:28:02 (3551 turns).

Kidiri the Unseen (Spriggan Enchanter)              Turns: 3551, Time: 00:28:02

Health: -41/60     AC:  4    Str:  2    XL:     13   Next: 6%
Magic:  23/34      EV: 37    Int: 19    God:    Dithmenos [******]
Gold:   55         SH:  0    Dex: 19    Spells: 13 memorised, 9 levels left

rFire  . . .     SeeInvis +     q - +0 dagger (venom)
rCold  . . .     Clarity  .     m - +2 robe {rN+}
rNeg   + . .     SustAt   .     (shield restricted)
rPois  .         Gourm    .     (helmet restricted)
rElec  .         Spirit   .     (no cloak)
rCorr  .         Warding  .     (gloves unavailable)
rMut   .         NoTele   +     (boots unavailable)
MR     ++...                    (no amulet)
Stlth  ++++++++++               (no ring)
                                (no ring)

@: wreathed by umbra, very quick, very resistant to hostile enchantments,
uncannily stealthy
A: unfitting armour, talons 1, repulsion field 1, see invisible, herbivore 3,
speed 3, robust 1, slow metabolism 2, spit poison 1, weak 1
a: Spit Poison, Shadow Step, Shadow Form, Renounce Religion
}: 1/10 runes: serpentine


You were in the Dungeon.
You worshipped Dithmenos.
Dithmenos was exalted by your worship.
You were full.

You visited 1 branch You collected 55 gold pieces.

Inventory:

Hand weapons
 c - a +2 dagger of holy wrath
 q - a +0 dagger of venom (weapon)
Armour
 d - a +2 hat
 m - a +2 robe of positive energy (worn)
Magical devices
 f - a wand of teleportation (5)
Scrolls
 l - a scroll of torment
 n - a scroll of fear {unknown}
 r - a scroll of immolation {unknown}
 s - a scroll of recharging {unknown}
Potions
 a - a potion of might
 b - a potion of brilliance {unknown}
 e - a potion of curing
 g - a potion of haste
 h - 2 potions of magic
 i - 2 potions of berserk rage
 p - 2 potions of cure mutation
 t - a potion of flight {unknown}
Comestibles
 j - 6 fruits
 o - 29 royal jellies


   Skills:
 + Level 10.9 Short Blades
 * Level 18.5 Dodging
 * Level 19.9 Stealth
 * Level 16.0 Spellcasting
 + Level 7.5 Conjurations
 + Level 12.3 Hexes
 + Level 11.6 Charms
 + Level 4.1 Summonings
 + Level 7.2 Necromancy
 + Level 7.2 Translocations
 + Level 10.3 Transmutations
 + Level 8.1 Ice Magic
 + Level 7.6 Poison Magic
 - Level 2.8 Invocations


You had 9 spell levels left.
You knew the following spells:

 Your Spells              Type           Power        Failure   Level  Hunger
a - Corona                Hex            ######.      1%          1    None
b - Ensorcelled Hibernat  Hex/Ice        ######       1%          2    None
c - Confuse               Hex            ######..     1%          3    None
d - Tukima's Dance        Hex            ######..     1%          3    None
e - Dazzling Spray        Conj/Hex       ######..     1%          3    None
f - Pain                  Necr           ####         1%          1    None
g - Regeneration          Chrm/Necr      ######....   1%          3    None
h - Vampiric Draining     Necr           #####.....   1%          3    None
i - Control Undead        Necr           #####.....   1%          4    None
j - Alistair's Intoxicat  Trmt/Pois      #####...     1%          4    None
k - Invisibility          Hex            ######..     4%          6    #####..
l - Apportation           Tloc           #####.....   1%          1    None
m - Summon Butterflies    Summ           ####....     1%          1    None


Dungeon Overview and Level Annotations

Branches:
Dungeon (1/1)

Altars:
Cheibriados
Dithmenos
Elyvilon
Fedhas
Gozag
Kikubaaqudgha
Makhleb
Nemelex Xobeh
Okawaru
Qazlal
Ru
Sif Muna
Trog
Vehumet
Xom
Yredelemnul
Zin
The Shining One
Jiyva
Lugonu

Shops:
D [!:%=[


Innate Abilities, Weirdness & Mutations

You are tiny and cannot use many weapons and most armour.
You have supernaturally acute eyesight.
You are a herbivore.
You cover ground extremely quickly.
You need consume almost no food.
You have sharp toenails.
You are surrounded by a mild repulsion field (EV +2).
You are robust (+10% HP).
You can spit weak poison.
You are weak. (Str -2)


Message History

The fire dragon tramples you.
* * * LOW HITPOINT WARNING * * *
You stumble backwards!
Unknown command.
Casting: Ensorcelled Hibernation
Confirm with . or Enter, or press ? or * to list all spells.
Aiming: Dazzling Spray
Press: ? - help, Shift-Dir - straight line, f/p - fire dragon
Aim: a fire dragon (black smoke, heavily wounded, catching its breath, umbra)
The spray of energy hits the fire dragon.
The fire dragon is severely wounded.
The fire dragon is dazzled.
The fire dragon completely misses you. The fire dragon completely misses you.
The fire dragon tramples you!
* * * LOW HITPOINT WARNING * * *
You hold your ground!
The fire dragon breathes flames at you.
The blast of flame hits the fire dragon.
The fire dragon resists.
The blast of flame hits you!
Ouch! That really hurt!
You die...

.....♣
♣.....##%.....#♣♣♣._)#
#+#############'######
#####
#...........###.♣♣
#............##♣.♣
###########..# ♣.♣♣
##...........# ♣♣.♣
#..:...%....## ♣.♣♣
#..########## ♣.♣♣
#.......%...## ♣@§♣
##...........# ♣♣D♣♣
##########..# ♣♣D♣
##.))........#
♣♣§§♣♣♣♣♣♣≈
#∩.)).......##
♣§§§§§≈§§.≈
#∩.###########
♣§§§§§.≈§..
#∩...........#
♣§♣§§§§..≈.
##..........%#
♣♣♣♣♣♣♣♣∩∩∩
############# ♣♣


You could see 2 fire dragons.

Vanquished Creatures
  Rupert (D)
  Gastronok (D)
  A greater naga (D)
  Maud (D)
  2 dire elephants (D)
  A naga warrior (D)
  2 hydras (D)
  Erica (D)
  4 death yaks (D)
  4 anacondas (D)
  A centaur warrior (D)
  An unseen horror (D)
  A spriggan druid (D)
  A death drake (D)
  A lindwurm (D)
  2 elephants (D)
  2 spiny frogs (D)
  4 black mambas (D)
  A guardian serpent (D)
  A komodo dragon (D)
  3 wandering mushrooms (D)
  A queen bee (D)
  A deep elf priest (D)
  A fire drake (D)
  8 blink frogs (D)
  2 spriggans (D)
  3 redbacks (D)
  A shadow (D)
  A spatial vortex (D)
  2 nagas (D)
  2 water moccasins (D)
  A swamp drake (D)
  A necrophage (D)
  2 centaurs (D)
  An earth elemental (D)
  2 brain worms (D)
  A water elemental (D)
  32 killer bees (D)
  A scorpion (D)
  An electric eel (D)
  A jelly (D)
  A necromancer (D)
  A wizard (D)
  A kobold demonologist (D)
  3 humans (D)
  3 adders (D)
  An ooze (D)
  3 rats (D)
  3 plants (D)
117 creatures vanquished.

Vanquished Creatures (others)
  2 draconian scorchers (D)
  2 yaktaurs (D)
  2 fire drakes (D)
  11 plants (D)
17 creatures vanquished.

Grand Total: 134 creatures vanquished

Notes
Turn   | Place    | Note
--------------------------------------------------------------
     0 | D        | Kidiri the Spriggan Enchanter began the quest for the Orb.
     0 | D        | Reached XP level 1. HP: 9/9 MP: 5/5
     9 | D        | Reached skill level 5 in Stealth
    61 | D        | Noticed a scorpion
    64 | D        | Killed a scorpion
    64 | D        | Reached skill level 5 in Dodging
    64 | D        | Reached skill level 7 in Stealth
    64 | D        | Reached skill level 5 in Spellcasting
    64 | D        | Reached XP level 2. HP: 13/13 MP: 6/9
    64 | D        | Reached XP level 3. HP: 16/16 MP: 6/10
    73 | D        | Learned a level 3 spell: Tukima's Dance
    76 | D        | Learned a level 2 spell: Ensorcelled Hibernation
    80 | D        | Learned a level 3 spell: Confuse
    84 | D        | Learned a level 3 spell: Dazzling Spray
   104 | D        | Reached XP level 4. HP: 21/21 MP: 12/12
   106 | D        | Killed a yaktaur
   140 | D        | Gained mutation: Your body sometimes deteriorates upon taking damage. [potion of mutation]
   140 | D        | Gained mutation: You are clumsy. (Dex -2) [potion of mutation]
   140 | D        | Lost mutation: You are clumsy. (Dex -2) [potion of mutation]
   141 | D        | Lost mutation: Your body sometimes deteriorates upon taking damage. [potion of cure mutation]
   142 | D        | Gained mutation: You have sharp toenails. [potion of mutation]
   142 | D        | Gained mutation: You are robust (+10% HP). [potion of mutation]
   142 | D        | Gained mutation: You are surrounded by a mild repulsion field (EV +2). [potion of mutation]
   177 | D        | Noticed a water elemental
   180 | D        | Killed a water elemental
   180 | D        | Reached skill level 8 in Stealth
   180 | D        | Reached skill level 1 in Conjurations
   180 | D        | Reached skill level 5 in Hexes
   180 | D        | Reached skill level 1 in Ice Magic
   189 | D        | Noticed a jelly
   190 | D        | Noticed a shadow
   192 | D        | Killed a shadow
   192 | D        | Reached skill level 9 in Stealth
   192 | D        | Reached XP level 5. HP: 26/26 MP: 13/15
   196 | D        | Killed a jelly
   196 | D        | Reached skill level 10 in Stealth
   196 | D        | Reached XP level 6. HP: 30/30 MP: 13/17
   201 | D        | Found a stormy altar of Qazlal.
   202 | D        | Found a sacrificial altar of Ru.
   202 | D        | Found a burning altar of Makhleb.
   202 | D        | Found a viscous altar of Jiyva.
   202 | D        | Found a shimmering altar of Xom.
   202 | D        | Found a shadowy altar of Dithmenos.
   202 | D        | Found a sparkling altar of Nemelex Xobeh.
   202 | D        | Found a corrupted altar of Lugonu.
   202 | D        | Found an opulent altar of Gozag.
   202 | D        | Noticed a spatial vortex
   207 | D        | Became a worshipper of Dithmenos the Shadowed
   208 | D        | Killed a spatial vortex
   208 | D        | Reached skill level 5 in Short Blades
   208 | D        | Reached skill level 11 in Stealth
   234 | D        | Found a radiant altar of Vehumet.
   235 | D        | Found a deep blue altar of Sif Muna.
   235 | D        | Found an ancient bone altar of Kikubaaqudgha.
   235 | D        | Noticed a wizard
   236 | D        | Killed a wizard
   238 | D        | Reached skill level 10 in Dodging
   241 | D        | Killed a fire drake
   261 | D        | Learned a level 1 spell: Pain
   265 | D        | Learned a level 3 spell: Regeneration
   269 | D        | Learned a level 3 spell: Vampiric Draining
   276 | D        | Found a glowing silver altar of Zin.
   277 | D        | Found a glowing golden altar of the Shining One.
   277 | D        | Found a white marble altar of Elyvilon.
   277 | D        | Noticed a deep elf priest
   279 | D        | Killed a deep elf priest
   279 | D        | Reached skill level 1 in Invocations
   279 | D        | Reached XP level 7. HP: 35/35 MP: 18/20
   295 | D        | Found an iron altar of Okawaru.
   296 | D        | Found a bloodstained altar of Trog.
   296 | D        | Noticed a human
   296 | D        | Noticed a human
   298 | D        | Killed a human
   298 | D        | Reached skill level 12 in Stealth
   299 | D        | Killed a human
   305 | D        | Killed a white draconian scorcher
   324 | D        | Learned a level 4 spell: Control Undead
   327 | D        | Found a basalt altar of Yredelemnul.
   327 | D        | Found a snail-covered altar of Cheibriados.
   327 | D        | Found a blossoming altar of Fedhas.
   327 | D        | Noticed a necrophage
   327 | D        | Noticed a necromancer
   327 | D        | Killed a white draconian scorcher
   335 | D        | Killed a necrophage
   335 | D        | Acquired Dithmenos's first power
   335 | D        | Reached XP level 8. HP: 32/37 MP: 9/22
   337 | D        | Killed a necromancer
   337 | D        | Reached skill level 10 in Spellcasting
   447 | D        | Noticed Erica
   450 | D        | Killed Erica
   450 | D        | Reached skill level 13 in Stealth
   473 | D        | Learned a level 4 spell: Alistair's Intoxication
   474 | D        | Noticed an earth elemental
   477 | D        | Killed an earth elemental
   482 | D        | Noticed a centaur
   482 | D        | Noticed a centaur warrior
   482 | D        | Noticed a centaur
   484 | D        | Killed a centaur
   484 | D        | Reached skill level 1 in Transmutations
   495 | D        | Killed a centaur warrior
   495 | D        | Reached skill level 14 in Stealth
   495 | D        | Reached XP level 9. HP: 27/40 MP: 10/25
   499 | D        | Killed a centaur
   499 | D        | Acquired Dithmenos's second power
   576 | D        | Killed a fire drake
   604 | D        | Noticed an unseen horror
   606 | D        | Killed an unseen horror
   606 | D        | Reached skill level 5 in Charms
   606 | D        | Reached skill level 5 in Ice Magic
   616 | D        | Noticed a killer bee
   616 | D        | Noticed a killer bee
   616 | D        | Noticed a killer bee
   616 | D        | Noticed a killer bee
   616 | D        | Noticed a killer bee
   616 | D        | Noticed a killer bee
   616 | D        | Noticed a killer bee
   616 | D        | Noticed a killer bee
   616 | D        | Noticed a killer bee
   616 | D        | Noticed a killer bee
   616 | D        | Noticed a killer bee
   616 | D        | Noticed a killer bee
   616 | D        | Noticed a killer bee
   616 | D        | Noticed a killer bee
   616 | D        | Noticed a killer bee
   617 | D        | Noticed a killer bee
   617 | D        | Noticed a killer bee
   617 | D        | Noticed a killer bee
   617 | D        | Noticed a killer bee
   617 | D        | Noticed a killer bee
   617 | D        | Noticed a killer bee
   617 | D        | Noticed a killer bee
   617 | D        | Noticed a killer bee
   617 | D        | Noticed a killer bee
   617 | D        | Noticed a killer bee
   617 | D        | Noticed a killer bee
   617 | D        | Noticed a killer bee
   617 | D        | Noticed a killer bee
   617 | D        | Noticed a killer bee
   617 | D        | Noticed a killer bee
   617 | D        | Noticed a queen bee
   617 | D        | Noticed a killer bee
   617 | D        | Noticed a killer bee
   627 | D        | Killed a killer bee
   631 | D        | Killed a killer bee
   633 | D        | Killed a killer bee
   633 | D        | Acquired Dithmenos's third power
   639 | D        | Killed a killer bee
   777 | D        | Killed a killer bee
   777 | D        | Reached skill level 15 in Stealth
   779 | D        | Killed a queen bee
   781 | D        | Killed a killer bee
   783 | D        | Killed a killer bee
   785 | D        | Killed a killer bee
   785 | D        | Acquired Dithmenos's fourth power
   788 | D        | Killed a killer bee
   790 | D        | Killed a killer bee
   792 | D        | Killed a killer bee
   795 | D        | Killed a killer bee
   797 | D        | Killed a killer bee
   800 | D        | Killed a killer bee
   800 | D        | Reached XP level 10. HP: 46/46 MP: 2/27
   802 | D        | Killed a killer bee
   804 | D        | Killed a killer bee
   814 | D        | Killed a killer bee
   950 | D        | Killed a killer bee
   951 | D        | Killed a killer bee
   952 | D        | Killed a killer bee
   955 | D        | Killed a killer bee
   956 | D        | Killed a killer bee
   958 | D        | Killed a killer bee
   958 | D        | Reached skill level 5 in Conjurations
   961 | D        | Killed a killer bee
   963 | D        | Killed a killer bee
   966 | D        | Killed a killer bee
   968 | D        | Killed a killer bee
   970 | D        | Killed a killer bee
   972 | D        | Killed a killer bee
   975 | D        | Killed a killer bee
   976 | D        | Killed a killer bee
   988 | D        | Killed a killer bee
  1166 | D        | Noticed a wandering mushroom
  1167 | D        | Noticed a wandering mushroom
  1167 | D        | Noticed a wandering mushroom
  1168 | D        | Killed a wandering mushroom
  1170 | D        | Killed a wandering mushroom
  1171 | D        | Killed a wandering mushroom
  1171 | D        | Reached skill level 5 in Transmutations
  1294 | D        | Noticed a spiny frog
  1294 | D        | Noticed a komodo dragon
  1294 | D        | Noticed a spiny frog
  1296 | D        | Killed a spiny frog
  1296 | D        | Reached skill level 16 in Stealth
  1300 | D        | Killed a spiny frog
  1303 | D        | Killed a komodo dragon
  1415 | D        | Noticed a redback
  1417 | D        | Killed a redback
  1418 | D        | Noticed a brain worm
  1421 | D        | Killed a brain worm
  1427 | D        | Noticed a brain worm
  1429 | D        | Killed a brain worm
  1429 | D        | Reached skill level 15 in Dodging
  1435 | D        | Noticed a lindwurm
  1437 | D        | Noticed a redback
  1438 | D        | Killed a lindwurm
  1438 | D        | Reached skill level 10 in Hexes
  1440 | D        | Killed a redback
  1445 | D        | Noticed a redback
  1446 | D        | Killed a redback
  1447 | D        | Noticed Maud
  1449 | D        | Killed Maud
  1449 | D        | Reached XP level 11. HP: 49/49 MP: 29/29
  1456 | D        | Killed a yaktaur
  1464 | D        | Learned a level 6 spell: Invisibility
  1483 | D        | Noticed a swamp drake
  1483 | D        | Noticed a fire drake
  1484 | D        | Killed a fire drake
  1486 | D        | Killed a swamp drake
  1486 | D        | Reached skill level 5 in Poison Magic
  1492 | D        | Noticed a blink frog
  1493 | D        | Noticed a blink frog
  1493 | D        | Noticed a blink frog
  1493 | D        | Noticed a blink frog
  1493 | D        | Noticed a blink frog
  1494 | D        | Killed a blink frog
  1494 | D        | Reached skill level 17 in Stealth
  1498 | D        | Killed a blink frog
  1501 | D        | Killed a blink frog
  1509 | D        | Killed a blink frog
  1521 | D        | Killed a blink frog
  1593 | D        | Noticed Rupert
  1595 | D        | Killed Rupert
  1595 | D        | Reached skill level 5 in Necromancy
  1604 | D        | Learned a level 1 spell: Apportation
  1610 | D        | Learned a level 1 spell: Summon Butterflies
  1610 | D        | Noticed a death yak
  1611 | D        | Noticed a death yak
  1611 | D        | Noticed a blink frog
  1612 | D        | Killed a death yak
  1612 | D        | Reached skill level 1 in Translocations
  1613 | D        | Noticed an azure jelly
  1613 | D        | Noticed a death yak
  1613 | D        | Noticed an azure jelly
  1613 | D        | Noticed a blink frog
  1613 | D        | Noticed a death yak
  1614 | D        | Killed a death yak
  1614 | D        | Reached skill level 1 in Summonings
  1615 | D        | Noticed a blink frog
  1615 | D        | Noticed a black mamba
  1622 | D        | Killed a blink frog
  1622 | D        | Reached skill level 18 in Stealth
  1860 | D        | Noticed a black mamba
  1863 | D        | Killed a black mamba
  1865 | D        | Killed a black mamba
  1880 | D        | Killed a death yak
  1912 | D        | Killed a death yak
  1912 | D        | Reached skill level 10 in Charms
  2002 | D        | Killed a blink frog
  2013 | D        | Killed a blink frog
  2013 | D        | Reached XP level 12. HP: 51/54 MP: 1/31
  2266 | D        | Noticed a black mamba
  2266 | D        | Noticed an anaconda
  2266 | D        | Noticed a water moccasin
  2269 | D        | Killed a water moccasin
  2274 | D        | Killed a black mamba
  2280 | D        | Killed an anaconda
  2280 | D        | Reached skill level 10 in Short Blades
  2349 | D        | Noticed an anaconda
  2349 | D        | Noticed a water moccasin
  2357 | D        | Killed a water moccasin
  2370 | D        | HP: 1/56 [anaconda (2)]
  2699 | D        | Killed an anaconda
  2714 | D        | Noticed a black mamba
  2721 | D        | Killed a black mamba
  2721 | D        | Reached skill level 15 in Spellcasting
  2872 | D        | Noticed an anaconda
  2872 | D        | Noticed an anaconda
  2874 | D        | Killed an anaconda
  2877 | D        | Killed an anaconda
  2894 | D        | Noticed a naga
  2894 | D        | Noticed a naga
  2895 | D        | Noticed a naga warrior
  2895 | D        | Noticed a greater naga
  2895 | D        | Found Taikh's Antique Armour Boutique.
  2895 | D        | Found Fahucaem's Distillery.
  2895 | D        | Found Roogoc's Book Shop.
  2896 | D        | Killed a naga
  2897 | D        | Killed a naga
  2899 | D        | Killed a naga warrior
  2899 | D        | Reached skill level 5 in Translocations
  2900 | D        | Killed a greater naga
  2900 | D        | Reached skill level 19 in Stealth
  2915 | D        | Noticed a guardian serpent
  2917 | D        | Killed a guardian serpent
  2921 | D        | Got a serpentine rune of Zot
  2997 | D        | Noticed an azure jelly
  2997 | D        | Noticed an azure jelly
  2998 | D        | Noticed an elephant
  2998 | D        | Noticed an elephant
  2998 | D        | Noticed a dire elephant
  2998 | D        | Noticed a dire elephant
  2998 | D        | Noticed Gastronok
  3000 | D        | Killed Gastronok
  3001 | D        | Killed a dire elephant
  3003 | D        | Killed a dire elephant
  3008 | D        | Killed an elephant
  3011 | D        | Killed an elephant
  3021 | D        | Gained mutation: You can spit weak poison. [potion of mutation]
  3021 | D        | Gained mutation: You are weak. (Str -2) [potion of mutation]
  3081 | D        | Noticed an electric eel
  3082 | D        | Noticed a six-headed hydra
  3082 | D        | Noticed a seven-headed hydra
  3088 | D        | Killed an electric eel
  3088 | D        | Reached skill level 10 in Transmutations
  3093 | D        | Killed a seven-headed hydra
  3383 | D        | Killed a six-headed hydra
  3439 | D        | Noticed a death drake
  3442 | D        | Killed a death drake
  3442 | D        | Reached XP level 13. HP: 60/60 MP: 32/34
  3458 | D        | Found a blossoming altar of Fedhas.
  3458 | D        | Noticed a spriggan
  3458 | D        | Noticed a spriggan druid
  3458 | D        | Noticed a spriggan
  3461 | D        | Killed a spriggan
  3462 | D        | Killed a spriggan druid
  3464 | D        | Killed a spriggan
  3531 | D        | Noticed a fire dragon
  3539 | D        | Found Ymutz's Food Emporium.
  3539 | D        | Found Gioren's Jewellery Shop.
  3539 | D        | Found Omacsoax's Antique Armour Shoppe.
  3539 | D        | Noticed a fire dragon
  3551 | D        | Killed from afar by a fire dragon

Vault maps used:
D:        dungeon_sprint_mu

Action                   |  1- 3 |  4- 6 |  7- 9 | 10-12 | 13-15 || total
-------------------------+-------+-------+-------+-------+-------++-------
Melee: Dagger            |     6 |     7 |    38 |   242 |     4 ||   297
 Cast: Dazzling Spray    |       |       |     7 |    29 |     7 ||    43
       Confuse           |       |       |     4 |     7 |       ||    11
       Ensorcelled Hiber |       |       |    24 |    46 |     1 ||    71
Invok: Shadow Step       |       |       |       |    12 |     1 ||    13
  Use: Scroll            |       |     4 |       |     1 |       ||     5
       Potion            |       |     3 |     1 |     2 |     1 ||     7
 Stab: Sleeping          |     5 |     7 |    19 |    50 |       ||    81
       Invisible         |       |       |     3 |    12 |       ||    15
       Confused          |       |       |     2 |     2 |       ||     4
  Eat: Bread ration      |       |       |       |     1 |       ||     1
